 Dungeon Crawl Stone Soup version 0.30-a0-632-g346586fe48 (webtiles) character file.

Game seed: 6404498725548702729

99 bmack86 the Shield-Bearer (level 4, -4/40 HPs)
             Began as a Minotaur Fighter on Jan 13, 2023.
             Slain by Sigmund
             ... wielding a +0 scythe
              (8 damage)
             ... on level 2 of the Dungeon.
             The game lasted 00:02:39 (1323 turns).

bmack86 the Shield-Bearer (Minotaur Fighter)        Turns: 1323, Time: 00:02:39

Health: -4/40      AC:  7    Str: 22    XL:     4   Next: 45%
Magic:  3/3        EV:  9    Int:  5    God:
Gold:   37         SH:  4    Dex: 10    Spells: 3/3 levels left

rFire   . . .      SeeInvis .    a - +0 war axe
rCold   . . .      Faith    .    c - +0 buckler
rNeg    . . .      Spirit   .    b - +0 scale mail
rPois   .          Reflect  .    (helmet restricted)
rElec   .          Harm     .    (no cloak)
rCorr   .          Rampage  .    (no gloves)
Will    .....                    (no boots) Stlth
                                 (no amulet)
HPRegen 0.26/turn                (no ring)
MPRegen 0.08/turn                (no ring)

@: no status effects
A: horns 2, retaliatory headbutt
a: no special abilities


You were on level 2 of the Dungeon.
You visited 1 branch of the dungeon, and saw 2 of its levels.

You collected 37 gold pieces.

Inventory:

Hand Weapons
 a - a +0 war axe (weapon)
Armour
 b - a +0 scale mail (worn)
 c - a +0 buckler (worn)
Scrolls
 e - 2 scrolls of fear {unknown}
 f - 2 scrolls of enchant weapon {unknown}
 k - a scroll of silence {unknown}
 l - a scroll of magic mapping {unknown}
 m - a scroll of blinking {unknown}
Potions
 d - a potion of might
 g - 2 potions of lignification {unknown}
 h - a potion of ambrosia {unknown}
 i - a potion of attraction {unknown}
 j - a potion of heal wounds
 n - a potion of magic {unknown}


   Skills:
 + Level 4.3 Fighting
 * Level 4.1 Axes
 + Level 4.3 Armour
 + Level 4.3 Shields


You had 3 spell levels left.
You didn't know any spells.
Your spell library contained the following spells:

 Spells                   Type           Power      Damage    Failure   Level
 Portal Projectile        Hex/Tloc       0%         N/A       99%         3
 Tukima's Dance           Hex            0%         N/A       99%         3
 Blade Hands              Tmut           0%         N/A       100%        5


Dungeon Overview and Level Annotations

Branches:
Dungeon (2/15)

Altars:

Annotations:
D:2 Sigmund


Innate Abilities, Weirdness & Mutations

You have a pair of horns on your head.
You reflexively headbutt those who attack you in melee.


Message History

Sigmund the Dreaded comes into view.
He is wielding a +0 scythe.
Sigmund shouts!
Sigmund mumbles some strange words.
Sigmund flickers and vanishes!
Deactivating autopickup; reactivate with Ctrl-A.
You block the ball python's attack. The ball python barely misses you.
You slash the ball python!
You kill the ball python!
You see here a ball python corpse.
You hear some strange, mumbled words.
A magic dart appears from out of thin air!
The magic dart hits you.
You miss something. Your headbutt misses something.
You hear some strange, mumbled words.
You are confused.
Something hits you!
You're too confused to move!
Something hits you but does no damage. Something hits you but does no damage.
You feel less confused. Something hits you but does no damage.
Something hits you but does no damage. Something hits you.
You slash something! Your headbutt misses something.
You hear some strange, mumbled words.
A magic dart appears from out of thin air!
The magic dart hits you.
You closely miss something. Something hits you but does no damage.
You barely miss something. Your headbutt misses something. Something hits you!
* * * LOW HITPOINT WARNING * * *
You miss something. Something hits you but does no damage.
You slash something! You miss something. Something hits you but does no damage.
You miss something. Something hits you but does no damage.
You barely miss something. Something hits you.
* * * LOW HITPOINT WARNING * * *
You miss something. Something hits you.
* * * LOW HITPOINT WARNING * * *
You completely miss something. Something hits you!
You die...

#.. #.# .# #.#
.#.
###.####+#..
#.........#
#.........+
###.........#
#.'..†@{....#
#.#.........#
#.#.........#
#.#.........#
#.###########
#.############
#....##......#
#
####.#.......+
.♣♣
#.#.......#
...


There were no monsters in sight!

Vanquished Creatures
  Jessica (D:2)
  Robin (D:2)
  2 adders (D:2)
  5 ball pythons
  4 endoplasms
  2 giant cockroaches (D:1)
  11 goblins
  4 hobgoblins
  2 kobolds (D:1)
  2 quokkas
  A bat (D:1)
  A frilled lizard (D:1)
  3 rats
39 creatures vanquished.

Notes
Turn   | Place    | Note
-------+----------+-------------------------------------------
     0 | D:1      | bmack86 the Minotaur Fighter began the quest for the Orb.
     0 | D:1      | Reached XP level 1. HP: 19/19 MP: 0/0
   188 | D:1      | Reached XP level 2. HP: 27/27 MP: 1/1
   787 | D:2      | Reached XP level 3. HP: 33/33 MP: 2/2
   836 | D:2      | Found a faded altar of an unknown god.
   950 | D:2      | Noticed Robin
   960 | D:2      | Killed Robin
   963 | D:2      | Reached XP level 4. HP: 33/40 MP: 3/3
  1169 | D:2      | Noticed Jessica
  1172 | D:2      | Killed Jessica
  1300 | D:2      | Noticed Sigmund
  1323 | D:2      | Slain by Sigmund

Illustrated notes

Levels and vault maps discovered:
D:1:      spicycebolla_arrival_transporter_tutorial, layout_basic
D:2:      layout_basic, shapermc_ecumenical_altar_totnotflames, uniq_jessica,
          uniq_sigmund, uniq_robin

Skill      XL: |  1  2  3  4 |
---------------+-------------+-----
Axes           | 3 4 |  4.1
Fighting       | 4 |  4.3
Armour         | 4 |  4.3
Shields        | 4 |  4.3

Action                   |  1- 3 |  4- 6 || total
-------------------------+-------+-------++-------
Melee: War axe           |    60 |    16 ||    76
       Headbutt          |     4 |       ||     4
Armor: Scale mail        |    41 |     8 ||    49
Dodge: Dodged            |    30 |     1 ||    31
Block: Buckler           |    17 |     1 ||    18

Table legend: (Time is in decaauts)
 A = Elapsed time spent in this place.
 B = Non-inter-level travel time spent in this place.
 C = Inter-level travel time spent in this place.
 D = Time resting spent in this place.
 E = Time spent auto-exploring this place.
 F = Levels seen in this place.
 G = Mean time per level.
                   A        B        C        D        E       F      G
               +--------+--------+--------+--------+--------+-----+--------+
         Total |   1352 |   1352 |      0 |      0 |    905 |   2 |  676.0 |
       Dungeon |   1352 |   1352 |      0 |      0 |    905 |   2 |  676.0 |
               +--------+--------+--------+--------+--------+-----+--------+

Top non-repeatable levels by time:
     D:1: 762 daAuts
     D:2: 590 daAuts
